TKirby, lawful male human Priest ------------ ###########...........| #----- |..........| #|....#####|..........| ###|...| #|f.........| |...+ ##pj@........| |...| #----------.- ------------- ##....| `####################### |...........| # |.<`| # ----|- |...........+######### ---|-#########################.....| |...........|### ############ # # |....| |............# ### # .....| |...........| # # |....| ------------- `######## # ##-....| --|------|- # |....| |..........####### ------ |.>.......| |.........| ----------- TKirby the Adept Experience level: 6 Strength: 9 Dexterity: 14 Constitution: 15 Intelligence: 12 Wisdom: 16 Charisma: 11 Health: 0(46) Energy: 65(68) Def: 5 Gold: 0 Moves: 3786 Dungeon seed: qgOhiYfkjz_o34hc Game ID: TKirby_1507054402 Your Inventory: Weapons a - a blessed +1 mace (weapon in hand) m - a +0 orcish dagger K - a blessed +0 scimitar (alternate weapon; not wielded) Armor e - a +0 robe (being worn) n - a +0 small shield (being worn) y - a +0 leather armor (being worn) Comestibles c - a clove of garlic d - a sprig of wolfsbane Scrolls o - a scroll of blank paper C - a scroll of scare monster Spellbooks f - a spellbook of detect monsters g - a spellbook of identify D - a spellbook of confuse monster Potions b - 3 potions of holy water s - a potion of sickness z - a potion of gain energy I - a potion of water O - a potion of unholy water Rings J - a ring of sustain ability Wands k - a wand of magic missile (0:6) P - a wand of nothing (0:8) Tools t - a lock pick H - a towel M - a blessed tallow candle (0:200) Gems q - a worthless piece of white glass N - a worthless piece of black glass Spells and supernatural/magical abilities: Name Level Category Fail Memory n - detect monsters 1 divination 0% 82% u - confuse monster 2 enchantment 37% 91% x - extra healing 3 healing 79% 82% I - identify 3 divination 82% 82% W - pray for help -- divine ? -- X - turn undead -- divine ? -- Your skills at the end: Fighting Skills Weapon Skills mace [Skilled] Spellcasting Skills clerical spells [Basic] Final Attributes: You were piously aligned. You are dead. Vanquished creatures: 3 small mimics a leprechaun a gnome mummy a pony a gnome lord 2 elf zombies a giant ant a homunculus a kobold lord 4 hill orcs a rothe a centipede a dwarf zombie 2 werejackals an acid blob a gas spore a hobbit a giant rat 3 cave spiders 2 brown molds 2 yellow molds a gnome 2 garter snakes 5 geckos 12 jackals 2 goblins 5 sewer rats 4 grid bugs a bat 6 lichens 9 newts 79 creatures vanquished. Voluntary challenges: You had followed a strict vegan diet until turn 1905. You had followed a strict vegetarian diet until turn 1905. You had been an atheist until turn 2612. You used a wielded weapon 93 times, starting on turn 216. You read items or engraved 17 times, starting on turn 6. You never genocided any monsters. You never polymorphed an object. You never changed form. You used no wishes. You never split a pudding. You never wrote Elbereth's name. You never violated your personal moral code. Dungeon overview: The Dungeons of Doom: levels 1 to 6 Level 1 a long staircase Level 2 Level 3 a general store a long staircase Level 4 a general store, some fountains Level 5 a fountain Level 6 <- You were here History has recorded: On T:1 you entered the Dungeons of Doom to retrieve the Amulet of Yendor! On T:559 you reached level 2 of The Dungeons of Doom. On T:610 you advanced to experience level 2. On T:1101 you advanced to experience level 3. On T:1157 you reached level 3 of The Dungeons of Doom. On T:1776 you advanced to experience level 4. On T:1901 you reached level 4 of The Dungeons of Doom. On T:2203 you advanced to experience level 5. On T:2797 you reached level 5 of The Dungeons of Doom. On T:3230 you advanced to experience level 6. On T:3309 you reached level 6 of The Dungeons of Doom. Score breakdown: Gold: 0 ( 0 points) Experience: 6 levels (12456 points) Exploration: 6 levels ( 12.00%) ( 9583 points) Discoveries: 8 items ( 2.69%) ( 4923 points) Valuables value: (no points given unless you survive) Artifact value: 0 ( 0 points) Variety of kills: 31 monsters ( 8.14%) ( 8557 points) Turncount: 3786 turns ( -943 points) Survival: died (score multiplied by 80%) Total score: 27660 Latest messages: You displace maple. You hear some noises in the distance. You displace maple. You stop exploring. The water nymph stole 694 gold pieces. You displace maple. You sense the presence of monsters. You displace maple. (2x) A rock piercer suddenly drops from the ceiling! You are hit by a falling rock piercer! You miss the blue jelly. Maple bites the rock piercer. The rock piercer bites maple. Maple bites the rock piercer. You hit the blue jelly! You are suddenly very cold! The rock piercer misses maple. Maple misses the rock piercer. You hit the blue jelly! You are suddenly very cold! Maple misses the rock piercer. You hit the blue jelly! You are suddenly very cold! You die... Final status: Goodbye TKirby the Priest, killed by a blue jelly... You died in The Dungeons of Doom on dungeon level 6 with 27660 points, and 0 pieces of gold, after 3786 moves. You were level 6 with a maximum of 46 hit points when you died.